 Dungeon Crawl Stone Soup version 0.24-a0-484-g962a3eeff7 (webtiles) character file.

Game seed: 13140544108571879051

196 Essalna the Firebug (level 5, -10/28 HPs)
             Began as a Gargoyle Fire Elementalist on July 9, 2019.
             Mangled by an ogre
             ... wielding a cursed -3 giant club
              (26 damage)
             ... on level 4 of the Dungeon.
             The game lasted 00:07:31 (3137 turns).

Essalna the Firebug (Gargoyle Fire Elementalist)    Turns: 3137, Time: 00:07:32

Health: -10/28     AC:  7    Str: 11    XL:     5   Next: 74%
Magic:  6/10       EV: 12    Int: 17    God:
Gold:   217        SH:  0    Dex: 10    Spells: 9/10 levels left

rFire    . . .     SeeInvis .   j - +0 rapier
rCold    . . .     Gourm    .   (no shield)
rNeg     + . .     Faith    .   a - +0 robe
rPois    ∞         Spirit   .   (no helmet)
rElec    +         Reflect  .   (no cloak)
rCorr    .         Harm     .   (no gloves)
MR       .....                  n - +0 pair of boots
Stlth    ++........             (no amulet)
HPRegen  0.09/turn              (no ring)
MPRegen  0.12/turn              (no ring)

@: no status effects
A: negative energy resistance 1, electricity resistance, unbreathing,
petrification resistance, rot immunity, AC +4
a: no special abilities


You were on level 4 of the Dungeon.
You were very hungry.

You visited 1 branch of the dungeon, and saw 4 of its levels.

You collected 217 gold pieces.

Inventory:

Hand Weapons
 b - a +1 short sword
 j - a +0 rapier (weapon)
Armour
 a - a +0 robe (worn)
 n - a +0 pair of boots (worn)
Scrolls
 d - 3 scrolls of immolation {unknown}
 e - 2 scrolls of identify
 f - 4 scrolls of remove curse
 g - a scroll of amnesia
 h - 3 scrolls of enchant weapon
 i - 2 scrolls of blinking {unknown}
 l - a scroll of teleportation {unknown}
Potions
 k - a potion of haste {unknown}
 o - a potion of heal wounds {unknown}
Comestibles
 c - 3 rations


   Skills:
 - Level 1.5 Dodging
 - Level 2.1 Stealth
 + Level 3.4 Spellcasting
 + Level 3.4 Conjurations
 + Level 4.3 Fire Magic


You had 9 spell levels left.
You knew the following spells:

 Your Spells              Type           Power        Failure   Level  Hunger
a - Flame Tongue          Conj/Fire      ###..        3%          1    None

Your spell library contained the following spells:

 Spells                   Type           Power        Failure   Level  Hunger
 Throw Flame              Conj/Fire      ###...       4%          2    ##.....
 Conjure Flame            Conj/Fire      ###.....     10%         3    ###....
 Beastly Appendage        Tmut           #.....       17%         1    None
 Inner Flame              Hex/Fire       ##......     21%         3    ###....
 Sticks to Snakes         Tmut           #.......     26%         2    ##.....
 Sticky Flame             Conj/Fire      ###.....     32%         4    ####...
 Spider Form              Tmut/Pois      #.........   45%         3    ###....
 Fireball                 Conj/Fire      ###.......   67%         5    ######.
 Ice Form                 Ice/Tmut       #.......     86%         4    ####...
 Blade Hands              Tmut           #.........   99%         5    ######.


Dungeon Overview and Level Annotations

Branches:
Dungeon (4/15)
 Temple: D:4-7

Altars:
Dithmenos
Makhleb
Sif Muna
Uskayaw
Xom


Innate Abilities, Weirdness & Mutations

You are resistant to torment.
Your stone body is resilient. (AC +4)
You are immune to poison.
You resist negative energy. (rN+)
You are resistant to electric shocks. (rElec)
You can survive without breathing.
You are immune to petrification.
You are immune to rotting.


Message History

The flame tongue hits the ogre!
The ogre is heavily wounded.
Casting: Flame Tongue (safe; 3% risk of failure)
Confirm with . or Enter, or press ? or * to list all spells.
Aiming: Flame Tongue (safe; 3% risk of failure)
Press: ? - help, Shift-Dir - straight line, f/p - ogre
Aim: an ogre, wielding a -3 giant club (heavily wounded)
The flame tongue hits the ogre!
The ogre is almost dead.
The ogre hits you with a cursed -3 giant club!
Casting: Flame Tongue (safe; 3% risk of failure)
Confirm with . or Enter, or press ? or * to list all spells.
Aiming: Flame Tongue (safe; 3% risk of failure)
Press: ? - help, Shift-Dir - straight line, f/p - ogre
Aim: an ogre, wielding a -3 giant club (almost dead)
The flame tongue hits the ogre.
The ogre is almost dead.
The ogre hits you with a cursed -3 giant club!!
Ouch! That really hurt!
You die...

#.#####...(.<#####
#.##........<.....
#.##.##.......####
#.##.##........#
#.##.###.##...##
#........###.##
####.##### .# #.#
.# #@# +# #.O.#
#.### #. . .. ##


You could see an ogre.

Vanquished Creatures
  A hound (D:4)
  2 orc priests (D:3)
  Terence (D:3)
  An adder (D:3)
  2 oozes
  A worm (D:3)
  A dart slug (D:3)
  3 leopard geckos
  3 orcs (D:3)
  2 giant cockroaches
  3 goblins
  6 hobgoblins
  3 jackals (D:2)
  A quokka (D:3)
  8 bats
  A frilled lizard (D:2)
  9 kobolds
  4 rats (D:1)
52 creatures vanquished.

Notes
Turn   | Place    | Note
-------+----------+-------------------------------------------
     0 | D:1      | Essalna the Gargoyle Fire Elementalist began the quest for
                  | the Orb.
     0 | D:1      | Reached XP level 1. HP: 10/10 MP: 3/3
   244 | D:1      | Reached XP level 2. HP: 10/15 MP: 1/5
   951 | D:2      | Reached XP level 3. HP: 17/19 MP: 6/6
  1970 | D:3      | Reached XP level 4. HP: 18/24 MP: 8/8
  1973 | D:3      | Noticed Terence
  1976 | D:3      | Killed Terence
  2136 | D:3      | Found a burning altar of Makhleb.
  2163 | D:3      | Reached skill level 4 in Fire Magic
  2163 | D:3      | Reached XP level 5. HP: 3/28 MP: 2/9
  2593 | D:3      | Found a deep blue altar of Sif Muna.
  2927 | D:3      | Found a shimmering altar of Xom.
  2932 | D:3      | Found a hide-covered altar of Uskayaw.
  2935 | D:3      | Found a shadowy altar of Dithmenos.
  3133 | D:4      | Noticed an ogre
  3137 | D:4      | Mangled by an ogre

Levels and vault maps discovered:
D:1:      dpeg_arrival_radiant, layout_basic, item_on_display_a
D:2:      layout_basic
D:3:      layout_basic, marbit_many_paths, minitemple, fountainhead,
          hangedman_decor_growths, bloody_makhleb, uniq_terence
D:4:      layout_loops_corners, first_ration

Skill      XL: |  1  2  3  4  5 |
---------------+----------------+-----
Conjurations   | 2 3 |  3.4
Spellcasting   | 3 |  3.4
Fire Magic     | 4 |  4.3
Dodging        | |  1.5
Stealth        | |  2.1

Action                   |  1- 3 |  4- 6 || total
-------------------------+-------+-------++-------
Melee: Short sword       |    47 |       ||    47
       Rapier            |    43 |    51 ||    94
 Cast: Flame Tongue      |    12 |    15 ||    27
  Use: Scroll            |     3 |       ||     3
       Potion            |     2 |     1 ||     3
 Stab: Sleeping          |     7 |     4 ||    11
  Eat: Chunk             |     3 |     3 ||     6
Armor: Robe              |    31 |    23 ||    54
Dodge: Dodged            |    74 |    33 ||   107

Table legend:
 A = Non-vault XP
 B = Vault XP
 C = Vault XP percentage of total XP
 D = Non-vault monster count
 E = Vault monster count
 F = Vault count percentage of total count
                 A         B        C        D         E       F
            +---------+---------+-------+---------+---------+-------
      Total |     239 |      41 |  14.6 |      50 |       2 |   3.8
            +---------+---------+-------+---------+---------+-------
        D:1 |      24 |       0 |   0.0 |      13 |       0 |   0.0
        D:2 |      31 |       0 |   0.0 |      14 |       0 |   0.0
        D:3 |     138 |      41 |  22.9 |      22 |       2 |   8.3
        D:4 |      46 |       0 |   0.0 |       1 |       0 |   0.0
            +---------+---------+-------+---------+---------+-------
